[Event "GER-ch Youth-U18 2022"]
[Site "Willingen"]
[Date "2022.06.08"]
[Round "6.4"]
[White "Dobrikov, Marco"]
[Black "Weidemann, Jakob"]
[Result "1/2-1/2"]
[ECO "B76"]
[WhiteElo "2234"]
[BlackElo "2047"]
[Annotator "TA"]
[PlyCount "100"]
[EventDate "2022.06.05"]
[EventType "swiss"]
[EventRounds "9"]
[EventCountry "GER"]
[SourceTitle "playchess.com"]
[Source "ChessBase"]
[SourceQuality "1"]
[TimeControl "40/4500+30:900+30"]

1. e4 c5 2. Nf3 d6 3. d4 cxd4 4. Nxd4 Nf6 5. Nc3 g6 6. Be3 Bg7 7. f3 O-O 8. Qd2 Nc6 9. g4 Be6 10. Nxe6 fxe6 11. O-O-O Ne5 12. Be2 {[%emt 0:00:00] Hoping for g5.} Qc8 {[%emt 0:00:00] B76: Sicilian Dragon: Yugoslav Attack, 9 g4 and 9 0-0-0.} 13. Bd4 Nc6 $1 14. Bg1 {[%emt 0:00:00] Threatening h4.} Nd7 {[%emt 0:06:36] [#] The position is equal.} 15. h4 $146 ({Predecessor:} 15. Rf1 Nce5 16. Bd4 Nc4 17. Bxc4 Qxc4 18. Bxg7 Kxg7 19. Kb1 Ne5 20. f4 Nxg4 21. f5 exf5 22. exf5 gxf5 23. Qg5+ Kh8 24. Qxe7 f4 25. Qxd6 Rad8 {½-½ (25) Strengell,O (2448)-Soederberg,K (2285) ICCF email 2009}) 15... b5 (15... Nce5 $1 $11 {remains equal.}) 16. h5 $16 b4 17. Nb5 Nce5 18. Nd4 (18. Nxa7 Qb7 19. hxg6 Rxa7 20. gxh7+ (20. Bxa7 Qxa7 21. gxh7+ Kh8 $17) 20... Kh8 21. Bxa7 Qxa7 22. Qxb4 Nxf3 23. Bxf3 Qe3+ 24. Qd2 Qxf3 $17) 18... Nc4 19. Qxb4 Nde5 20. hxg6 Rb8 21. gxh7+ $2 ({White must play} 21. Qc3 $1 $16 Nxb2 22. Qxc8 (22. gxh7+ Kh8 $16) 22... Rfxc8 23. gxh7+ Kh8 24. Nxe6 $1) 21... Kh8 $15 22. Qc3 (22. Nb5 $17 Nxb2 23. Rd2 (23. Qxb2 Nd3+ 24. Bxd3 Bxb2+ 25. Kxb2 Qc6 $17) (23. Bxa7 $2 Nxd1 24. Bd4 Rxf3 $19)) 22... Rxb2 $19 23. Nb3 $2 {[%emt 0:02:18] [#]} (23. a4 d5 24. Rh5) 23... Rxa2 $2 (23... Rb1+ $3 $19 24. Kxb1 Na3+ 25. Kb2 Nec4+ 26. Bxc4 Nxc4+ 27. Kc1 Bxc3) 24. Bd4 $36 {[%emt 0:02:12][%mdl 2048] White is more active.} Na3 25. Rd2 (25. Qxc8 $1 $11 {and White is okay.} Rxc8 26. Rd2) 25... Qxc3 $2 (25... Qb7 $19 {...Rc8 is the strong threat.} 26. Qe3 (26. Kd1 $2 Rc8 $19) 26... Rc8) 26. Bxc3 Rc8 27. Bd4 Raxc2+ 28. Rxc2 {[%emt 0:00:02] The board is on fire.} Nxc2 {[%emt 0:00:21] Pair of Knights!} 29. Kb1 $1 Nxd4 30. Nxd4 Rb8+ 31. Kc1 Rc8+ 32. Kd2 Nxg4 $1 {[%emt 0:00:36] And now ...Nf2 would win.} 33. Nxe6 Bc3+ 34. Kc2 Bf6+ 35. Kb3 Rc3+ $2 (35... Rb8+ $11 {and Black has nothing to worry.} 36. Ka3 Ne5) 36. Kb4 $18 Re3 $2 (36... Ne3 37. Nf4 Nc2+ 38. Kb5 Rc5+ 39. Ka6 Nb4+ 40. Kb7 Rg5) 37. Nf8 $2 Ne5 $11 38. Rh2 Bg7 39. Ne6 Bf6 ({Don't take} 39... Nxf3 40. Bxf3 Bc3+ 41. Kc4 Rxf3 42. Ng5 $14) 40. Nf4 Bg5 41. Ne6 Bf6 42. Bd1 Nxf3 43. Bxf3 Rxf3 {[%emt 0:00:11][%mdl 4096] Endgame KRB-KRN} 44. Kb5 Rg3 45. Rh6 Bg7 46. Rh5 Rg6 47. Nf4 Rf6 48. Rh4 Bh6 49. Nd5 Re6 50. Kc6 Kxh7 {Weighted Error Value: White=0.60/Black=0.57} ({Better is} 50... Bg5 $15 51. Rh5 Re5) 1/2-1/2

[Event "GER-ch Youth-U18 2022"]
[Site "Willingen"]
[Date "2022.06.08"]
[Round "6.5"]
[White "Hinrichs, Paul"]
[Black "Zackrisson, Peter"]
[Result "1/2-1/2"]
[ECO "E73"]
[WhiteElo "2244"]
[BlackElo "2015"]
[Annotator "TA"]
[PlyCount "89"]
[EventDate "2022.06.05"]
[EventType "swiss"]
[EventRounds "9"]
[EventCountry "GER"]
[SourceTitle "playchess.com"]
[Source "ChessBase"]
[SourceQuality "1"]
[TimeControl "40/4500+30:900+30"]

1. d4 Nf6 2. c4 g6 3. Nc3 Bg7 4. e4 d6 5. Be2 O-O 6. Be3 Nc6 7. Nf3 {[%emt 0:00:00] E73: King's Indian: Averbakh Variation without 6...c5.} Ng4 $1 {[%emt 0:00:00][%mdl 4] is currently scoring better than 7...e5.} 8. Bg5 h6 9. Bh4 g5 10. Bg3 {[%emt 0:01:58] Black must now prevent d5.} e5 11. dxe5 Ngxe5 12. h4 Be6 13. hxg5 hxg5 {[%emt 0:00:26] [#]} 14. Nxe5 $146 ({Predecessor:} 14. Qd2 Nxc4 15. Bxc4 Bxc4 {½-½ (15) Galperin,P (2461)-Shevchenko,K (2592) Kremenchuk 2020}) 14... dxe5 15. Nd5 Nd4 16. Ne3 c6 17. Bd3 (17. Bg4 $11 {keeps the balance.}) 17... Qe7 18. Qh5 {[%emt 0:03:05][%csl Gh1][%cal Rh5h7] [#]} Rfd8 19. O-O-O b5 {[%emt 0:05:08] aiming for ...bxc4.} 20. Kb1 $1 ({Don't blunder} 20. Nf5 $2 Bxf5 21. exf5 e4 22. Qh7+ Kf8 $19) 20... Rdb8 {[%emt 0:11:42] ...bxc4 is the strong threat.} 21. c5 f6 22. Qg6 (22. f3 $11 {remains equal.}) 22... Qf7 ({Black should play} 22... Kf8 $17) 23. Qxf7+ $1 $11 Kxf7 24. f3 Rh8 25. Bf2 Rxh1 26. Rxh1 Rd8 27. Rd1 $1 f5 (27... a5 $11) 28. exf5 $14 Nxf5 29. Be4 Rxd1+ 30. Nxd1 Ne7 31. Kc2 g4 (31... Bxa2 $2 32. b3 $18) 32. fxg4 Bxg4 33. Ne3 Be6 34. b3 Bh6 35. Bf3 Nd5 36. Kd2 a5 37. a3 b4 38. axb4 {[%emt 0:00:17] The position is equal.} axb4 39. g3 Nxe3 (39... Nc3 {keeps more tension.} 40. Bxc6 Bxb3 41. Kd3 Bf8) 40. Bxe3 Bxe3+ 41. Kxe3 Bxb3 42. Bxc6 $11 {[%emt 0:00:03] KB-KB} Ke6 43. g4 Bd1 44. g5 Kf5 45. Bd5 {[%emt 0:00:00] Weighted Error Value: White=0.11 (very precise) /Black=0.10 (very precise)} 1/2-1/2

[Event "GER-ch Youth-U18 2022"]
[Site "Willingen"]
[Date "2022.06.08"]
[Round "6.6"]
[White "Jeschke, Jan"]
[Black "Colbow, Collin"]
[Result "1/2-1/2"]
[ECO "B21"]
[WhiteElo "2130"]
[BlackElo "2360"]
[Annotator "TA"]
[PlyCount "63"]
[EventDate "2022.06.05"]
[EventType "swiss"]
[EventRounds "9"]
[EventCountry "GER"]
[SourceTitle "playchess.com"]
[Source "ChessBase"]
[SourceQuality "1"]
[TimeControl "40/4500+30:900+30"]

1. e4 c5 2. d4 cxd4 3. c3 dxc3 4. Nxc3 e6 5. Nf3 a6 6. Bc4 b5 7. Bb3 Nc6 8. O-O Na5 {[%emt 0:00:00] B21: Sicilian: 2 f4 and Morra Gambit.} 9. Re1 Nxb3 10. Qxb3 Bb7 {[%emt 0:00:00] Black has an edge.} 11. Bf4 Be7 12. e5 Bxf3 13. gxf3 {[%emt 0:00:05] [#]} Bg5 $146 ({Predecessor:} 13... f5 14. exf6 Nxf6 15. Rad1 Qc8 16. Ne4 O-O 17. Rc1 Qe8 18. Bg3 Nd5 19. Red1 Rd8 {0-1 (39) Galerne,R (1879)-Scherbakov,Y ICCF email 2013}) 14. Bg3 (14. Bxg5 $1 $15 Qxg5+ 15. Kh1) 14... h5 $17 15. f4 Bh6 {[%emt 0:30:35] Strongly threatening ...h4.} 16. f5 {[%emt 0:25:16] Threatens to win with Ne4.} exf5 (16... h4 $17 17. fxe6 dxe6) 17. Rad1 {[%emt 0:04:17] Hoping for Nd5.} (17. Nd5 $5 f4 18. Nxf4 (18. Bxf4 Bxf4 19. Nxf4 Qg5+ 20. Ng2 Ne7 $15) 18... Bxf4 19. Bxf4 $11) 17... Ne7 18. e6 fxe6 19. Rxe6 dxe6 20. Rxd8+ Rxd8 21. Qxe6 f4 (21... b4 $1 $11 {remains equal.} 22. Ne2 Bg5) 22. Bh4 $36 {[%emt 0:00:10][%csl Gh4][%cal Re6e7][%mdl 2048] Keeping Black busy. White is more active.} g5 {[%emt 0:00:23] [#]} 23. Qf6 $1 Rh7 24. Bxg5 Bxg5 25. Qxg5 f3 {[%emt 0:01:02] [#]} 26. h3 $1 {[%emt 0:04:19][%mdl 1024] White has strong compensation.} Rd6 {[%emt 0:02:31] And now ...Rg6 would win.} 27. Qf4 Rg6+ 28. Kf1 Rf7 29. Qb8+ Kd7 30. Qb7+ Kd8 31. Qa8+ Kd7 32. Qb7+ {[%emt 0:00:21] Weighted Error Value: White=0.11 (very precise) /Black=0.22 (precise)} (32. Qa7+ $14 Ke8 33. Ne4) 1/2-1/2

[Event "GER-ch Youth-U18 2022"]
[Site "Willingen"]
[Date "2022.06.08"]
[Round "6.7"]
[White "Hassemeier, Mika"]
[Black "Musiolik, David"]
[Result "0-1"]
[ECO "E71"]
[WhiteElo "2127"]
[BlackElo "2220"]
[Annotator "TA"]
[PlyCount "46"]
[EventDate "2022.06.05"]
[EventType "swiss"]
[EventRounds "9"]
[EventCountry "GER"]
[SourceTitle "playchess.com"]
[Source "ChessBase"]
[SourceQuality "1"]
[TimeControl "40/4500+30:900+30"]

1. d4 Nf6 2. c4 g6 3. Nc3 Bg7 4. e4 d6 5. h3 Na6 6. Be3 O-O 7. g4 {[%emt 0:00:00] E71: King's Indian: 4 e4 d6 5 h3.} c5 8. d5 (8. Nge2 $14) 8... e6 $1 $11 9. g5 {[%emt 0:02:53] [#] The position is equal.} Nh5 $146 ({Predecessor:} 9... Ne8 10. Nge2 Nec7 11. Ng3 exd5 12. exd5 b5 13. cxb5 Nb4 14. Bg2 c4 15. O-O Nd3 {1-0 (32) Kabanova,E (2099)-Nosacheva,M (2150) Yaroslavl 2019}) 10. Be2 exd5 11. cxd5 b5 12. Bxh5 gxh5 13. Qd2 b4 14. Nd1 Re8 15. f3 f5 16. gxf6 $1 Qxf6 17. Bg5 Qf8 $36 {[%emt 0:07:11][%mdl 2048] Black has some pressure.} 18. Ne3 $2 {[%emt 0:03:23] [#]} (18. Qf4 $15) 18... c4 $1 $19 19. Nxc4 Nc5 {[%emt 0:00:47] Hoping for ...Ba6.} 20. Be3 {[%emt 0:08:49] [#]} Nxe4 21. fxe4 Rxe4 22. O-O-O $2 Rxc4+ 23. Kb1 Bf5+ {[%emt 0:00:17] Weighted Error Value: White=0.51/Black=0.05 (flawless)} 0-1

[Event "GER-ch Youth-U18 2022"]
[Site "Willingen"]
[Date "2022.06.08"]
[Round "6.8"]
[White "Weihrauch, Jakob"]
[Black "Muller, Magnus"]
[Result "1/2-1/2"]
[ECO "B12"]
[WhiteElo "2139"]
[BlackElo "1464"]
[Annotator "TA"]
[PlyCount "67"]
[EventDate "2022.06.05"]
[EventType "swiss"]
[EventRounds "9"]
[EventCountry "GER"]
[SourceTitle "playchess.com"]
[Source "ChessBase"]
[SourceQuality "1"]
[TimeControl "40/4500+30:900+30"]

1. e4 c6 2. d4 d5 3. e5 Bf5 4. h4 h5 5. Bd3 Bxd3 6. Qxd3 {[%emt 0:00:00][%cal Oe5e6] B12: Caro-Kann: Advance Variation.} Qa5+ 7. Nd2 {[%emt 0:00:00][%cal Oe5e6,Bb1d2,Bd2b3,Bb3c1][%mdl 32] Strongly threatening e6!} e6 8. Ngf3 {[%emt 0:00:00] The position is equal.} Nh6 9. O-O Nf5 10. Nb3 $1 {[%emt 0:00:00][%mdl 4] is now more promising than 10.c4.} Qb5 11. Qd1 c5 12. c3 Nc6 13. Bg5 {[%emt 0:08:49] [#]} c4 $146 ({Predecessor:} 13... cxd4 14. cxd4 a5 15. a4 Qb6 16. Rc1 Bb4 17. Nc5 Nfxd4 18. Nxd4 Bxc5 19. Nb5 O-O 20. Qxh5 Nxe5 21. Rxc5 Qxc5 {1-0 (43) Vokhidov,S (2536)-Bluebaum,M (2642) Chess.com INT 2022}) 14. Qe2 Qb6 15. Nc1 Be7 16. g3 Rc8 17. b3 Ba3 18. bxc4 Bxc1 19. Rfxc1 Qa6 20. Rc2 Qxc4 21. Qxc4 dxc4 22. Nd2 Na5 23. Ne4 b6 24. Rd1 Nc6 25. f3 Rc7 26. Rh2 {[%emt 0:07:50] 0x0.002091a09a49dp-1022s more active pieces. The black rooks are badly placed.} Rd7 {[%emt 0:02:13] [#] ...Nxe5 is the strong threat.} 27. Rdd2 Nfe7 (27... b5 $5 ) 28. Nd6+ (28. Bxe7 $5 Nxe7 29. Nd6+ Kf8 30. Rb2 $14 (30. Nxc4 Nf5 $11)) 28... Rxd6 $1 29. exd6 Nd5 30. Rc2 Kd7 31. Bf4 (31. Bc1 $11) 31... Nxf4 $15 {[%emt 0:04:05] Black is slightly better.} 32. gxf4 Kxd6 33. Rhg2 g6 {[%emt 0:00:40][%mdl 1024] Black has compensation.} 34. f5 {[%emt 0:02:46] Weighted Error Value: White=0.14 (very precise) /Black=0.07 (flawless)} 1/2-1/2

[Event "GER-ch Youth-U18 2022"]
[Site "Willingen"]
[Date "2022.06.08"]
[Round "6.9"]
[White "Kallweit, Paul"]
[Black "Geltz, Noah"]
[Result "1/2-1/2"]
[ECO "A36"]
[WhiteElo "1863"]
[BlackElo "2156"]
[Annotator "TA"]
[PlyCount "47"]
[EventDate "2022.06.05"]
[EventType "swiss"]
[EventRounds "9"]
[EventCountry "GER"]
[SourceTitle "playchess.com"]
[Source "ChessBase"]
[SourceQuality "1"]
[TimeControl "40/4500+30:900+30"]

1. c4 c5 2. g3 g6 3. Bg2 Bg7 4. Nc3 Nc6 5. d3 e6 6. e4 Nge7 7. Nge2 O-O 8. O-O d6 9. Be3 {[%emt 0:07:25] 9.Rb1 is the modern continuation.} e5 {[%emt 0:02:08] Against d4. A36: Symmetrical English vs ...g6: 4 Bg2 Bg7.} 10. Qd2 Nd4 11. f4 {[%emt 0:10:43] [#]} Nec6 $146 {[%emt 0:03:59] The position is equal.} ({Predecessor:} 11... f5 12. fxe5 dxe5 13. Bg5 Nxe2+ 14. Qxe2 Bf6 15. Bh6 Bg7 16. Bg5 Bf6 17. Be3 b6 18. exf5 Bxf5 19. Bxa8 Qxa8 {½-½ (50) Jobst,T (1932)-Steger,E Bad Koetzting 2018}) 12. Rf2 Nxe2+ 13. Nxe2 exf4 14. Nxf4 Be6 15. Raf1 Qd7 16. Nxe6 fxe6 17. Bh3 Rxf2 18. Rxf2 Bd4 19. Bxd4 Nxd4 20. Qf4 Nc6 21. Bg4 Qe7 {[%emt 0:02:46] Black is slightly better.} 22. h4 Ne5 23. Be2 Rf8 24. Qxf8+ {[%emt 0:00:38] Weighted Error Value: White=0.08 (flawless) /Black=0.05 (flawless)} 1/2-1/2

[Event "GER-ch Youth-U18 2022"]
[Site "Willingen"]
[Date "2022.06.08"]
[Round "6.10"]
[White "Haack, Kevin"]
[Black "Dietlmeier, Tobias"]
[Result "1-0"]
[ECO "B10"]
[WhiteElo "2176"]
[BlackElo "1886"]
[Annotator "TA"]
[PlyCount "41"]
[EventDate "2022.06.05"]
[EventType "swiss"]
[EventRounds "9"]
[EventCountry "GER"]
[SourceTitle "playchess.com"]
[Source "ChessBase"]
[SourceQuality "1"]
[TimeControl "40/4500+30:900+30"]

1. e4 c6 2. c4 d5 3. cxd5 cxd5 4. exd5 Nf6 5. Qa4+ Bd7 6. Qb3 Qc7 7. Nc3 $1 {[%emt 0:00:00] B10: Caro-Kann: 2 d3 and 2 c4.} g6 (7... Qe5+ 8. Be2 Qc7 9. Nf3 $18) 8. Bc4 Bf5 (8... Bg7 $1 $14) 9. Nge2 {[%emt 0:00:00] [#] White is clearly better.} Na6 $146 ({Predecessor:} 9... Bg7 10. d3 O-O 11. Bf4 Qd7 12. O-O Nh5 13. Be3 Nf6 14. Rac1 Ng4 15. Bf4 Ne5 {1-0 (42) Butuc,M (2220)-Rysbayeva,N (2052) Chotowa 2010}) 10. d4 {[%emt 0:00:51][%cal Od5d6] Inhibits Nc5. aiming for d6!} Rc8 11. Bb5+ Bd7 12. Bf4 Qb6 (12... Qd8 $142 13. Be5 Bg7) 13. d6 exd6 14. Bg5 $36 {[%emt 0:01:56][%mdl 2048] White is on the roll.} Be7 {[%emt 0:10:23] [#]} (14... Bxb5 $16 {is tougher.} 15. Bxf6 (15. Nxb5 Bg7 $14) (15. Qxb5+ Qxb5 16. Nxb5 Ne4 $11) 15... Bxe2) 15. Bxf6 $18 {[%emt 0:01:11] White is clearly winning.} Bxf6 16. Bxd7+ Kxd7 17. Qxf7+ Be7 18. Nd5 $1 Qd8 19. Nef4 Qf8 (19... Rf8 $142 20. Qxh7 (20. Qxe7+ Qxe7+ 21. Nxe7 Kxe7 $11) 20... Nb4) 20. Nf6+ {[%emt 0:00:29] Pair of Knights!} Kc7 21. Ne6+ {[%emt 0:00:05] Black did not feel at home in the position after the opening.  Weighted Error Value: White=0.10 (very precise) /Black=0.69} 1-0

[Event "GER-ch Youth-U18 2022"]
[Site "Willingen"]
[Date "2022.06.08"]
[Round "6.11"]
[White "Chen, Qingzhi Alexander"]
[Black "Orf, Niklas"]
[Result "1-0"]
[ECO "B07"]
[WhiteElo "1879"]
[BlackElo "1797"]
[Annotator "NA RC COMBH"]
[PlyCount "171"]
[EventDate "2022.06.05"]
[EventType "swiss"]
[EventRounds "9"]
[EventCountry "GER"]
[SourceTitle "playchess.com"]
[Source "ChessBase"]
[SourceQuality "1"]
[TimeControl "40/4500+30:900+30"]

1. e4 d6 2. d4 Nf6 3. Nc3 Nbd7 4. Nf3 e5 5. Bc4 Be7 6. Be3 O-O 7. h3 a6 8. a4 b6 9. O-O Bb7 10. d5 a5 11. Nd2 Nc5 12. Qe2 Nfd7 13. Bd3 Bg5 14. Nb5 Bxe3 15. Qxe3 Ba6 16. c3 Nxd3 17. Qxd3 Nc5 18. Qe2 Qd7 19. c4 f5 20. f3 f4 21. Ra3 Bb7 22. Nb3 Na6 23. Nc1 Rf6 24. Nd3 Rg6 25. Kf2 Qe7 26. Ke1 Qh4+ 27. Kd2 Rf8 28. Raa1 Rg3 29. b3 Rf6 30. Kc2 Rfg6 31. Rf2 Qg5 32. Ne1 Bc8 33. Rd1 h5 34. Rd2 Bd7 35. Nc3 Kf7 36. Qf1 Qe7 37. Ne2 R3g5 38. h4 Rg3 39. Qh1 Rf6 40. Nd3 Nc5 41. Nxc5 bxc5 42. Qh2 $2 ({White should try} 42. Nxg3 $18 fxg3 43. Rfe2) 42... Rfg6 43. Nc3 Rh6 44. Rd1 g5 45. hxg5 Rxg5 46. Qh4 Rg7 (46... Rg3 $5 47. Rh1 Qxh4 48. Rxh4 Rhg6 $11) 47. Qh1 Qd8 48. Nb5 c6 49. dxc6 Bxc6 50. Rfd2 Rgg6 51. Qh3 Ke8 52. Nc3 h4 53. Nb5 Qd7 54. Qh1 Qd8 55. Nc3 Qd7 56. Na2 Rh7 57. Nc1 h3 58. gxh3 Rxh3 59. Qf1 Rhh6 60. Na2 Ke7 61. Rg2 Qe8 62. Rdd2 Qg8 63. Nc3 Kf7 64. Rh2 Qh8 65. Rxh6 Qxh6 66. Nb5 Ke7 67. Nc3 Qh8 68. Rg2 Rh6 69. Qg1 Kf7 70. Nb5 Qf8 71. Rg5 Bd7 72. Nc7 Qh8 73. Nb5 Qf8 74. Kc3 Qh8 75. Kb2 Rh1 76. Qf2 Rh6 77. Qd2 Qf6 78. Rg2 Bxb5 79. axb5 Qd8 80. Qd5+ Kf6 81. Qb7 $18 (81. Rg8 $142 Rh2+ 82. Kc3 Qxg8 83. Qxg8) 81... Rg6 82. Rxg6+ Kxg6 83. Qc6 Qg5 84. Qxd6+ Kh5 85. Qd2 Qg3 86. b6 1-0

[Event "GER-ch Youth-U18 2022"]
[Site "Willingen"]
[Date "2022.06.08"]
[Round "6.12"]
[White "Leonard, Timo"]
[Black "Rohde, Niclas"]
[Result "1/2-1/2"]
[ECO "E91"]
[WhiteElo "2018"]
[BlackElo "1730"]
[Annotator "TA"]
[PlyCount "82"]
[EventDate "2022.06.05"]
[EventType "swiss"]
[EventRounds "9"]
[EventCountry "GER"]
[SourceTitle "playchess.com"]
[Source "ChessBase"]
[SourceQuality "1"]
[TimeControl "40/4500+30:900+30"]

1. d4 Nf6 2. c4 g6 3. Nc3 Bg7 4. e4 d6 5. Nf3 O-O 6. Be2 Nbd7 7. Be3 c6 8. O-O e5 9. d5 c5 10. Nd2 {[%emt 0:00:00] White is more active.} Kh8 {[%emt 0:00:00] 10...Ne8 is vanishing. E94: King's Indian: Classical: 6 Be2 e5 7 0-0: Various Black 7th moves.} 11. a3 Ng8 12. b4 b6 {[%emt 0:00:00] White is slightly better.} 13. Rb1 f5 14. f3 {[%emt 0:00:21] [#]} f4 $146 ({Predecessor:} 14... Bh6 15. Bxh6 Nxh6 16. Qa4 Qg5 17. f4 exf4 18. Qc6 Rb8 19. Qxd6 f3 20. Nxf3 Qe3+ {1-0 (62) Berger,S (2408)-Hess,M (2378) Magdeburg 2020}) 15. Bf2 g5 16. Qa4 Rf6 17. Qc6 Rb8 18. bxc5 ({White should try} 18. Rb2 $14) 18... Nxc5 $11 19. Qb5 Rb7 20. a4 (20. Bxc5 $11 bxc5 21. Qa4) 20... h5 21. Ra1 (21. Nb3 $11) 21... Rg6 22. a5 g4 $1 23. Bxc5 (23. fxg4 $17 {was worth a try.} hxg4 24. axb6 Rxb6 25. Qa5) 23... bxc5 $19 24. Qa4 (24. Qc6 $142 Rb2 25. Ra2 Rxa2 26. Nxa2) 24... g3 (24... Rb2 25. Rfd1 $17) 25. h3 (25. hxg3 $2 fxg3 26. Rfb1 Bh6 $19) 25... Qh4 (25... Rb2 26. Rfd1 $17) 26. Rfb1 (26. Qe8 Bxh3 $1 27. Qd8 Bf6 28. Rfe1 Bxg2) 26... Bxh3 27. gxh3 {[%emt 0:00:25] [#]} (27. Rxb7 $2 Bxg2 $1 28. Kxg2 Qh2+ 29. Kf1 Qh1#) (27. Nf1 Bd7 28. Qa2) 27... Rxb1+ (27... Qxh3 $142 $1 28. Nf1 Rxb1 29. Rxb1 g2) 28. Rxb1 (28. Kg2 $142 Rb2 29. Ra2 Rxa2 30. Nxa2) 28... g2 (28... Qxh3 $142 29. Nf1 g2) 29. Qe8 Kh7 (29... Rg3 $142 30. Rb8 Bf6) 30. Qd7 (30. Bf1 Qxh3 31. Qxg6+ Kxg6 32. Bxg2) 30... Nh6 $1 {[%emt 0:04:11][%cal Oh6f7] aiming for ...Nf7!} 31. Bd3 (31. Nb5 Nf7 $1 32. Qf5 (32. Qxf7 $2 Qxh3 33. Qxg6+ Kxg6 $19) 32... Ng5 33. Kxg2 Qg3+ 34. Kh1 Nxh3 35. Qxg6+ (35. Qxh5+ $2 Kg8) 35... Kxg6 $19) 31... Rg3 32. Rb7 Rg5 $1 33. Rb1 {[%emt 0:00:18] [#] Inhibits Qe1+.} Ng8 $2 (33... Ng4 $1 $19 {[%mdl 512] ( -> ...Qf2#)} 34. hxg4 hxg4 35. fxg4 Qh1+ 36. Kf2 Qh2) 34. Ne2 $1 $11 {[%emt 0:02:51] The position is equal.} Nf6 35. Qe6 Ng4 36. hxg4 hxg4 37. fxg4 {[%emt 0:02:45] Threatens to win with Nf3.} (37. Qxd6 {gets mated.} g3 38. Nxg3 fxg3) 37... Qh1+ 38. Kf2 {[%emt 0:00:14] And now Nf3 would win.} Qh4+ 39. Kg1 Qh1+ 40. Kf2 {[%emt 0:00:31] Nf3 is the strong threat.} Qh4+ 41. Kg1 Qh1+ {[%emt 0:15:10] And White is the lucky defender.  Weighted Error Value: White=0.73/Black=0.59} 1/2-1/2

[Event "GER-ch Youth-U18 2022"]
[Site "Willingen"]
[Date "2022.06.08"]
[Round "6.13"]
[White "Mankel, Luca"]
[Black "Bornholdt, Joa Max"]
[Result "1/2-1/2"]
[ECO "C58"]
[WhiteElo "2010"]
[BlackElo "2155"]
[Annotator "TA"]
[PlyCount "66"]
[EventDate "2022.06.05"]
[EventType "swiss"]
[EventRounds "9"]
[EventCountry "GER"]
[SourceTitle "playchess.com"]
[Source "ChessBase"]
[SourceQuality "1"]
[TimeControl "40/4500+30:900+30"]

1. e4 e5 2. Nf3 Nc6 3. Bc4 Nf6 4. Ng5 d5 5. exd5 Na5 6. Bb5+ c6 7. dxc6 bxc6 8. Bd3 Nd5 {[%emt 0:00:00] C58: Two Knights: 4 Ng5 d5 5 exd5 Na5 sidelines.} 9. Nf3 ({And not} 9. Qh5 g6 10. Nxf7 gxh5 $17) 9... Bd6 10. O-O Nf4 11. Re1 Nxd3 12. cxd3 {[%emt 0:00:00] Black should prevent d4.} O-O 13. Nc3 $1 {[%emt 0:00:00] 13.Nc3 is better than 13.Nxe5.} c5 14. Nxe5 Bb7 ({Resist} 14... Qh4 15. d4 $16) 15. b3 Re8 16. Nc4 {[%emt 0:00:00] [#] Strongly threatening Rxe8+.} Rxe1+ 17. Qxe1 {[%emt 0:00:00] [#]} Nc6 $146 (17... Nxc4 $11 18. dxc4 Qd7) ({Predecessor:} 17... Nxc4 18. dxc4 Bxh2+ 19. Kxh2 Qh4+ 20. Kg1 Bxg2 21. Kxg2 Qg4+ 22. Kf1 Qh3+ 23. Kg1 Qg4+ 24. Kf1 Qh3+ 25. Kg1 Qg4+ 26. Kf1 Qh3+ {½-½ (26) Schmidt,T (2414)-Keuter,K (2432) ICCF email 2018}) 18. Ne4 Bf8 {[%emt 0:08:14] A strong pair of Bishops.} 19. Ba3 Nb4 20. Bxb4 cxb4 21. Qe3 Qd5 22. Qg3 {[%emt 0:01:51] Nf6+ is the strong threat.} Kh8 (22... Qd4 $142 23. Re1 Rd8) 23. Re1 Rd8 {[%emt 0:01:23] [#]} (23... f6 $142) 24. Qg5 (24. Ned6 $1 $16 ) 24... h6 ({Better is} 24... f5 $14 25. Ncd6 Rxd6 26. Nxd6 h6) 25. Qxd5 $16 Rxd5 26. f3 Rxd3 27. Kf1 Ba6 28. Ke2 Rd5 29. d3 Kg8 (29... g6 $14) 30. g4 {[%emt 0:00:44] White is more active.} Be7 31. Kd2 (31. Ke3 $16) 31... g6 $14 32. Kc2 Kf8 33. Ned2 Bf6 {[%emt 0:01:58] Weighted Error Value: White=0.20 (precise) /Black=0.16 (very precise)} 1/2-1/2

[Event "GER-ch Youth-U18 2022"]
[Site "Willingen"]
[Date "2022.06.09"]
[Round "7.1"]
[White "Fromm, Marius"]
[Black "Koelle, Tobias"]
[Result "1/2-1/2"]
[ECO "B40"]
[WhiteElo "2317"]
[BlackElo "2431"]
[Annotator "TA"]
[PlyCount "45"]
[EventDate "2022.06.05"]
[EventType "swiss"]
[EventRounds "9"]
[EventCountry "GER"]
[SourceTitle "playchess.com"]
[Source "ChessBase"]
[SourceQuality "1"]
[TimeControl "40/4500+30:900+30"]

1. e4 c5 2. Nf3 e6 3. c4 Nc6 4. Nc3 Nf6 5. d4 cxd4 6. Nxd4 Bb4 7. Nxc6 bxc6 8. Bd3 e5 9. O-O O-O 10. Qe2 {[%emt 0:00:00] 10.h3 gains popularity. B44: Sicilian: Taimanov: 5 Nb5.} d6 11. Na4 h6 12. a3 {[%emt 0:00:00] White has an edge.} Ba5 {[%emt 0:02:48] [#]} 13. b4 $146 ({Predecessor:} 13. c5 d5 14. exd5 Nxd5 15. Qxe5 Bc7 16. Qd4 Re8 17. Bc2 Ba6 18. Rd1 Be2 19. Re1 {0-1 (109) Sjugirov,S (2663)-Indjic,A (2620) St Petersburg 2018}) 13... Bc7 14. Be3 Re8 15. Rac1 Ng4 16. Bd2 Qh4 {[%emt 0:03:54][%csl Gg4][%cal Rh4h2] [#] The position is equal.} 17. h3 Nf6 18. f4 exf4 19. Rxf4 Qg3 {[%emt 0:00:19] Threatens to win with ...d5.} 20. Rf3 $1 Qh4 21. Rf4 Qg3 {[%emt 0:03:21] [#] Strongly threatening ...d5.} 22. Rf3 Qh4 23. Rf4 {An interesting draw.  Weighted Error Value: White=0.03 (flawless) /Black=0.05 (flawless)} 1/2-1/2